 Dungeon Crawl Stone Soup version 0.21.1-1-g345015f (webtiles) character file.

275 relionnb the Shield-Bearer (level 6, -8/48 HPs)
             Began as a Formicid Fighter on Mar 7, 2018.
             Mangled by Anonimus's ghost (16 damage)
             ... on level 4 of the Dungeon.
             The game lasted 00:18:14 (3234 turns).

relionnb the Shield-Bearer (Formicid Fighter)       Turns: 3234, Time: 00:18:16

Health: -8/48      AC:  7    Str: 23    XL:     6   Next: 50%
Magic:  8/8        EV:  8    Int:  7    God:
Gold:   150        SH: 10    Dex: 10    Spells: 8/8 levels left

rFire    . . .     SeeInvis +   a - +0 war axe
rCold    . . .     Gourm    .   c - +0 shield
rNeg     . . .     Faith    .   b - +0 scale mail
rPois    .         Spirit   .   (helmet unavailable)
rElec    .         Reflect  .   (no cloak)
rCorr    .         Harm     .   (no gloves)
MR       .....                  (no boots)
Stlth    ..........             (no amulet)
HPRegen  0.16/turn              (no ring)
MPRegen  0.11/turn              (no ring)

@: no status effects
A: permanent stasis, dig shafts and tunnels, four strong arms, antennae 3
a: Dig, Shaft Self


You were on level 4 of the Dungeon.
You were not hungry.

You visited 1 branch of the dungeon, and saw 4 of its levels.

You collected 150 gold pieces.

Inventory:

Hand Weapons
 a - a +0 war axe (weapon)
 e - a +0 spear
 o - a +0 flail
 q - a cursed -1 dagger
 A - a +0 falchion of slicing
 C - a cursed -2 dagger
Missiles
 g - 12 stones (quivered)
 n - 33 arrows
 t - 14 bolts
 u - 12 poisoned needles
 v - 4 tomahawks
Armour
 b - a +0 scale mail (worn)
 c - a +0 shield (worn)
 m - a +0 leather armour
 x - a +0 scale mail
 y - a +0 leather armour
Jewellery
 k - an uncursed ring of resist corrosion {unknown}
 s - a +3 ring of dexterity {unknown}
Wands
 i - a wand of iceblast (9)
Scrolls
 h - a scroll of remove curse {unknown}
 j - 5 scrolls of identify {unknown}
 l - a scroll of enchant armour {unknown}
 w - a scroll of blinking {unknown}
 z - a scroll of teleportation {unknown}
 D - a scroll of immolation {unknown}
 E - a scroll of amnesia {unknown}
Potions
 d - 4 potions of might
 p - a potion of heal wounds {unknown}
 B - a potion of mutation {unknown}
Books
 r - a book of Misfortune

   Spells                             Type                      Level
   a - Confusing Touch                Hexes                        1
   b - Confuse                        Hexes                        3
   c - Gell's Gravitas                Translocation                3
   d - Petrify                        Transmutation/Earth          4
   e - Metabolic Englaciation         Hexes/Ice                    5
   f - Yara's Violent Unravelling     Hexes/Transmutation          5
Comestibles
 f - 7 rations


   Skills:
 + Level 3.9 Fighting
 + Level 4.0 Axes
 + Level 1.4 Throwing
 + Level 3.9 Armour
 + Level 0.9 Dodging
 + Level 0.7 Stealth
 + Level 4.7 Shields
 * Level 1.5 Spellcasting


You had 8 spell levels left.
You didn't know any spells.

Dungeon Overview and Level Annotations

Branches:
Dungeon (4/15)
 Temple: D:4-7

Altars:

Annotations:
D:4 Anonimus's ghost, amateur GnFi


Innate Abilities, Weirdness & Mutations

You cannot be hasted, slowed, berserked, paralysed or teleported.
You can dig through walls and to a lower floor.
Your four strong arms can wield two-handed weapons with a shield.
You have a pair of large antennae on your head. (SInv)


Message History

You closely miss Anonimus's ghost.
Anonimus's ghost is lightly damaged.
Anonimus's ghost hits you.
You are electrocuted!
You slash Anonimus's ghost!
Anonimus's ghost is moderately damaged.
You block Anonimus's ghost's attack. x2
You closely miss Anonimus's ghost.
Anonimus's ghost is moderately damaged.
Anonimus's ghost hits you!
You slash Anonimus's ghost!
Anonimus's ghost is heavily damaged.
Anonimus's ghost hits you.
You are electrocuted!
* * * LOW HITPOINT WARNING * * *
You hit Anonimus's ghost.
Anonimus's ghost is severely damaged.
Anonimus's ghost hits you.
* * * LOW HITPOINT WARNING * * *
Anonimus's ghost hits you but does no damage.
You are electrocuted!
You die...

#####.#..........
#...#.#..........
#.....#.....W....
#...#.#..........
#...#....[.......
#######.......[..
##.######## #W###
#.@.# ###.# #.#
#.# #.# #.. ###


You could see Anonimus's ghost.

Vanquished Creatures
  A bullfrog skeleton (D:4)
  An orc priest (D:4)
  A hound (D:4)
  2 worker ants (D:4)
  2 hound skeletons (D:4)
  3 adders (D:3)
  An ooze (D:1)
  2 worms
  A dart slug (D:1)
  5 leopard geckos
  9 orcs
  A ball python (D:3)
  7 bats
  2 giant cockroaches
  4 goblins
  4 hobgoblins
  2 jackals (D:2)
  7 kobolds
  A quokka (D:3)
  2 frilled lizards
  6 rats
  11 plants (D:1)
75 creatures vanquished.

Notes
Turn   | Place    | Note
-------+----------+-------------------------------------------
     0 | D:1      | relionnb the Formicid Fighter began the quest for the Orb.
     0 | D:1      | Reached XP level 1. HP: 18/18 MP: 1/1
   148 | D:1      | Reached XP level 2. HP: 24/24 MP: 2/2
   420 | D:1      | Reached XP level 3. HP: 29/29 MP: 3/3
  1629 | D:3      | Reached skill level 1 in Throwing
  1629 | D:3      | Reached XP level 4. HP: 35/35 MP: 4/4
  2037 | D:3      | You fall through a shaft!
  2042 | D:4      | Reached XP level 5. HP: 36/42 MP: 5/5
  2062 | D:4      | Reached skill level 1 in Spellcasting
  2072 | D:4      | Reached XP level 6. HP: 34/48 MP: 7/7
  3217 | D:4      | Noticed Anonimus's ghost (amateur GnFi)
  3234 | D:4      | Mangled by Anonimus's ghost

Skill      XL: |  1  2  3  4  5  6 |
---------------+-------------------+-----
Shields        | 4 |  4.7
Throwing       | 1 |  1.4
Axes           | 3 4 |  4.0
Spellcasting   | 1 |  1.5
Fighting       | |  3.9
Armour         | |  3.9
Dodging        | |  0.9
Stealth        | |  0.7

Action                   |  1- 3 |  4- 6 || total
-------------------------+-------+-------++-------
Melee: War axe           |   205 |   124 ||   329
 Abil: Dig               |     1 |       ||     1
       Shaft Self        |       |     1 ||     1
  Eat: Chunk             |     3 |     5 ||     8
       Ration            |       |     1 ||     1
Armor: Scale mail        |    46 |    59 ||   105
Dodge: Dodged            |    40 |    32 ||    72
Block: Shield            |    52 |    67 ||   119
